 Dungeon Crawl Stone Soup version 0.26.0-7-g794d0892b4 (webtiles) character file.

Game seed: 15186912555864075635

242 ragingrage the Chopper (level 5, -11/42 HPs)
             Began as a Demigod Wanderer on Jan 12, 2021.
             Mangled by an orc
             ... wielding a +1 short sword of electrocution
              (19 damage)
             ... on level 3 of the Dungeon.
             The game lasted 00:03:58 (3988 turns).

ragingrage the Chopper (Demigod Wanderer)           Turns: 3988, Time: 00:03:59

Health: -11/42     AC:  5    Str: 18    XL:     5   Next: 52%
Magic:  11/11      EV: 11    Int: 15    God:
Gold:   91         SH:  5    Dex: 15    Spells: 8/9 levels left

rFire    . . .     SeeInvis .   a - +1 dagger (venom)
rCold    . . .     Faith    .   (no shield)
rNeg     . . .     Spirit   .   l - +0 leather armour
rPois    .         Reflect  +   (no helmet)
rElec    .         Harm     .   s - +0 cloak (curse)
rCorr    .         Rampage  .   (no gloves)
Will     .....                  q - +0 pair of boots
Stlth    +.........             j - amulet of reflection
HPRegen  0.14/turn              (no ring)
MPRegen  0.12/turn              (no ring)

@: no status effects
A: high mp 1
a: no special abilities


You were on level 3 of the Dungeon.
You visited 1 branch of the dungeon, and saw 3 of its levels.
You also visited: Sewer.

You collected 91 gold pieces.

Inventory:

Hand Weapons
 a - a +1 dagger of venom (weapon)
 b - a +0 hand axe
Missiles
 d - 2 curare-tipped darts
 f - 16 poisoned darts
 t - 8 datura-tipped darts
Armour
 l - a +0 leather armour (worn)
 q - a +0 pair of boots (worn)
 s - a cursed +0 cloak (worn)
Jewellery
 j - an amulet of reflection (around neck)
Scrolls
 e - 4 scrolls of identify {unknown}
 i - 2 scrolls of noise {unknown}
 k - a scroll of teleportation {unknown}
 m - a scroll of fear {unknown}
 p - a scroll of enchant weapon {unknown}
 u - a scroll of blinking {unknown}
Potions
 c - 5 potions of flight {unknown}
 g - a potion of attraction {unknown}
 h - a potion of lignification {unknown}
 n - a potion of curing {unknown}
 o - 4 potions of heal wounds {unknown}
 r - a potion of degeneration {unknown}


   Skills:
 + Level 2.3 Fighting
 * Level 4.8 Axes
 - Level 1.0 Throwing
 - Level 1.0 Armour
 - Level 2.6 Spellcasting
 - Level 1.7 Necromancy
 - Level 1.0 Evocations


You had 8 spell levels left.
You knew the following spells:

 Your Spells              Type           Power        Failure   Level
a - Summon Small Mammal   Summ           8%           24%         1

Your spell library contained the following spells:

 Spells                   Type           Power        Failure   Level
 Call Canine Familiar     Summ           2%           58%         3


Dungeon Overview and Level Annotations

Branches:
Dungeon (3/15)              Sewer (visited)


Innate Abilities, Weirdness & Mutations

You have an increased reservoir of magic. (+10% MP)


Message History

The orc barely misses you.
You closely miss the orc.
The orc is almost dead.
You kill the orc!
You closely miss the leopard gecko. You block the leopard gecko's attack.
You miss the leopard gecko. The leopard gecko bites you.
You closely miss the leopard gecko. You block the leopard gecko's attack.
The leopard gecko misses you.
You hit the leopard gecko.
You kill the leopard gecko!
You barely miss the orc.
The orc hits you with a +1 short sword of electrocution.
You are electrocuted!
* * * LOW HITPOINT WARNING * * *
You hit the orc.
The orc is moderately wounded.
The orc hits you with a +1 short sword of electrocution.
* * * LOW HITPOINT WARNING * * *
You are electrocuted!!
You die...

#.# #.# #.# #.# #.# #
#.# <# ##
#.##########.#.... #
####.#...@oo)........
#.
#....#.######.###.###
#.######.###.........#
#.#...........####..o.
......#####...# #..o#.
......# #...# #......
#.#...# #...# #.#.# ..
#...### #...# #.#.#
... ###.# #.#.# #.#.#
...


You could see 2 orcs.

Vanquished Creatures
  A big kobold (Sewer)
  2 orc wizards (D:3)
  2 adders (D:2)
  2 river rats (Sewer)
  3 worms
  3 dart slugs (D:1)
  2 leopard geckos
  7 orcs (D:3)
  2 giant cockroaches
  5 goblins
  4 hobgoblins
  A quokka (D:3)
  6 bats
  5 frilled lizards
  10 kobolds
  15 rats
70 creatures vanquished.

Vanquished Creatures (collateral kills)
  2 kobolds
2 creatures vanquished.

Vanquished Creatures (others)
  6 plants (D:3)
6 creatures vanquished.

Grand Total: 78 creatures vanquished

Notes
Turn   | Place    | Note
-------+----------+-------------------------------------------
     0 | D:1      | ragingrage the Demigod Wanderer began the quest for the
                  | Orb.
     0 | D:1      | ragingrage set off with the following items: a +2 dagger, 2
                  | curare-tipped darts, a +0 hand axe, a +0 robe; and the
                  | following spell memorised: Summon Small Mammal; and the
                  | following spells available to memorise: Call Canine
                  | Familiar
     0 | D:1      | Reached XP level 1. HP: 16/16 MP: 6/6
   398 | D:1      | Reached skill level 2 in Axes
   544 | D:1      | Reached XP level 2. HP: 10/23 MP: 8/8
  1858 | D:2      | Reached skill level 3 in Axes
  1858 | D:2      | Reached XP level 3. HP: 18/28 MP: 5/9
  2440 | D:2      | Found a glowing golden altar of the Shining One.
  3004 | D:3      | Found a glowing drain.
  3009 | Sewer    | Entered a sewer
  3016 | Sewer    | Reached XP level 4. HP: 35/35 MP: 10/10
  3347 | Sewer    | Noticed a big kobold
  3367 | Sewer    | Killed a big kobold
  3368 | Sewer    | Reached skill level 4 in Axes
  3368 | Sewer    | Reached XP level 5. HP: 30/41 MP: 11/11
  3465 | Sewer    | Found a white marble altar of Elyvilon.
  3988 | D:3      | Mangled by an orc

Illustrated notes

Levels and vault maps discovered:
D:1:      onia_arrival_mini_maze, layout_basic
D:2:      layout_loops_ring, nicolae_overflow_hidden_temple
D:3:      cheibrodos_old_hovel, layout_loops_ring, portal_sewer_entry_e,
          minmay_distorted

Skill      XL: |  1  2  3  4  5 |
---------------+----------------+-----
Axes           | 2 3 4 |  4.8
Fighting       | 2 |  2.3
Throwing       | |  1.0
Armour         | |  1.0
Spellcasting   | |  2.6
Necromancy     | |  1.7
Evocations     | |  1.0

Action                   |  1- 3 |  4- 6 || total
-------------------------+-------+-------++-------
Melee: Dagger            |   161 |    91 ||   252
Throw: Dart              |     2 |       ||     2
 Cast: Summon Small Mamm |    12 |       ||    12
 Stab: Sleeping          |     2 |       ||     2
Armor: Robe              |    10 |       ||    10
       Leather armour    |    19 |    20 ||    39
Dodge: Dodged            |    58 |    44 ||   102
Block: Other             |    29 |    20 ||    49
       Reflection        |     3 |       ||     3
